 Dungeon Crawl Stone Soup version 0.28.0-53-g5a82cb258f (webtiles) character file.

Game seed: 1298668490476504894

7 Revguard the Ducker (level 1, 0/16 HPs)
             Began as a Demonspawn Gladiator on Aug 4, 2022.
             Slain by a kobold
             ... wielding a +0 short sword
              (1 damage)
             ... on level 1 of the Dungeon.
             The game lasted 00:02:35 (279 turns).

Revguard the Ducker (Demonspawn Gladiator)           Turns: 279, Time: 00:02:36

Health: 0/16       AC:  5    Str: 14    XL:     1   Next: 91%
Magic:  1/1        EV: 12    Int:  9    God:
Gold:   14         SH:  0    Dex: 14    Spells: 0/0 levels left

rFire   . . .      SeeInvis .   a - +0 flail
rCold   . . .      Faith    .   (no shield)
rNeg    . . .      Spirit   .   b - +0 leather armour
rPois   .          Reflect  .   c - +0 helmet
rElec   .          Harm     .   e - +0 cloak
rCorr   .          Rampage  .   (no gloves)
Will    .....                   (no boots)
Stlth   +.........              (no amulet)
HPRegen 0.05/turn               (no ring)
MPRegen 0.07/turn               (no ring)

@: no status effects
A: no striking features
a: no special abilities


You were on level 1 of the Dungeon.
You visited 1 branch of the dungeon, and saw 1 of its levels.

You collected 14 gold pieces.

Inventory:

Hand Weapons
 a - a +0 flail (weapon)
Missiles
 d - a throwing net (quivered)
Armour
 b - a +0 leather armour (worn)
 c - a +0 helmet (worn)
 e - a +0 cloak (worn)
Potions
 f - a potion of degeneration {unknown}


   Skills:
 + Level 2.1 Fighting
 + Level 0.2 Long Blades
 - Level 2.6 Maces & Flails
 - Level 1.7 Throwing
 + Level 0.1 Armour
 + Level 2.8 Dodging
 + Level 0.2 Spellcasting
 + Level 0.4 Necromancy
 + Level 0.2 Evocations


You couldn't memorise any spells.
You didn't know any spells.
Your spell library was empty.

Dungeon Overview and Level Annotations

Branches:
Dungeon (1/15)

Altars:


Message History

The frilled lizard bites you but does no damage.
You hit the frilled lizard.
You kill the frilled lizard!
A kobold comes into view. It is wielding a +0 short sword.
Found a scroll labelled SOMEAHY YFEJ.
The kobold shouts!
The kobold throws a stone.
The stone hits you.
* * * LOW HITPOINT WARNING * * *
You see here a frilled lizard corpse.
A kobold is nearby!
You see here a frilled lizard corpse.
The kobold throws a stone.
The stone hits you but does no damage.
Throw: 3 throwing nets
Press: ? - help, Q - select action Shift-Dir - straight line, f - kobold
Aim: a kobold, wielding a +0 short sword and quivering stones (51% to hit)
You throw a throwing net.
The throwing net barely misses the kobold.
The kobold throws a stone.
The stone barely misses you.
Throw: 2 throwing nets
Press: ? - help, Q - select action Shift-Dir - straight line, f/p - kobold
Aim: a kobold, wielding a +0 short sword and quivering stones (51% to hit)
You throw a throwing net. The throwing net hits the kobold.
The kobold is caught in the net!
The kobold struggles against the net.
The kobold struggles against the net.
The kobold struggles against the net.
The kobold struggles against the net.
The kobold struggles against the net.
The net rips apart, and the kobold comes free!
You hit the kobold.
The kobold is moderately wounded.
The kobold barely misses you.
You hit the kobold but do no damage.
The kobold is moderately wounded.
The kobold hits you with a +0 short sword.
* * * LOW HITPOINT WARNING * * *
You hit the kobold but do no damage.
The kobold is moderately wounded.
The kobold hits you with a +0 short sword.
You die...

#.
#.#########.
......K?...
#.........
#.....#
#.†#......
#.#..#######
#.....K.#
#...#.###@#
###.#. #.# #
#. #.# ..
#.# #. #.#
## #.# #(# #
.## #.# .
..# #.#


You could see a kobold.

Vanquished Creatures
  A bat (D:1)
  2 endoplasms (D:1)
  A giant cockroach (D:1)
  A goblin (D:1)
  A frilled lizard (D:1)
6 creatures vanquished.

Notes
Turn   | Place    | Note
-------+----------+-------------------------------------------
     0 | D:1      | Revguard the Demonspawn Gladiator began the quest for the
                  | Orb.
     0 | D:1      | Reached XP level 1. HP: 16/16 MP: 1/1
   279 | D:1      | Slain by a kobold

Illustrated notes

Levels and vault maps discovered:
D:1:      amcnicky_arrival_wind_blow, layout_basic,
          ebering_ecumenical_altar_abandoned

Action                   || total
-------------------------++-------
Melee: Flail             ||    31
Throw: Throwing net      ||     2
Armor: Leather armour    ||     8
Dodge: Dodged            ||    17
